 Dungeon Crawl Stone Soup version 0.16.1-16-gc44b35d (webtiles) character file.

4432 Pihi the Basher (level 10, -3/177 HPs)
             Began as an Ogre Hunter on Apr 25, 2015.
             Was an Elder of Okawaru.
             Slain by an orc warrior
             ... wielding a +0 flail
              (13 damage)
             ... on level 8 of the Dungeon.
             The game lasted 00:28:32 (7035 turns).

Pihi the Basher (Ogre Hunter)                       Turns: 7035, Time: 00:28:32

Health: -3/177     AC:  7    Str: 24    XL:     10   Next: 36%
Magic:  10/10      EV: 10    Int:  8    God:    Okawaru [****..]
Gold:   344        SH:  0    Dex: 13    Spells: 0 memorised, 9 levels left

rFire  . . .     SeeInvis .     c - +1 giant spiked club
rCold  . . .     Clarity  .     d - +1 animal skin
rNeg   . . .     SustAb   .     (shield restricted)
rPois  .         Gourm    .     (helmet restricted)
rElec  .         Spirit   .     A - +0 cloak
rCorr  .         Warding  .     (gloves unavailable)
rMut   .         Stasis   .     (boots unavailable)
MR     +....                    (no amulet)
Stlth  ..........               (no ring)
                                (no ring)

@: berserking, lethally poisoned (-3 -> -7), very quick, somewhat resistant to
hostile enchantments, extremely unstealthy
A: unfitting armour, claws 1, yellow scales 1, dopey 1, tough skin 1
a: Heroism, Renounce Religion


You were on level 8 of the Dungeon.
You worshipped Okawaru.
Okawaru was greatly pleased with you.
You were not hungry.

You visited 2 branches of the dungeon, and saw 9 of its levels.

You collected 344 gold pieces.

Inventory:

Hand weapons
 b - a +0 giant club
 c - a +1 giant spiked club (weapon)
 t - a +0 flail
 F - a +0 blowgun
Missiles
 e - 33 stones
 h - 7 javelins
 j - 4 large rocks (quivered)
 r - 6 silver javelins
 y - 36 poisoned needles
Armour
 d - a +1 animal skin (worn)
 x - a +0 shield
 A - a +0 cloak (worn)
Jewellery
 B - an uncursed ring of ice
Magical devices
 p - a wand of disintegration (9)
 q - a wand of lightning (8)
 u - a wand of random effects (5)
Scrolls
 k - 3 scrolls of remove curse
 l - 3 scrolls of recharging
 o - a scroll of enchant armour
 C - a scroll of amnesia
 E - 2 scrolls of blinking
Potions
 m - 2 potions of lignification
 n - 2 potions of magic
 w - a potion of brilliance
Comestibles
 a - 4 fruits
 f - 4 meat rations
 g - 3 beef jerkies
 i - 8 slices of pizza
 s - 4 bread rations
 D - 11 chunks of flesh


   Skills:
 + Level 12.8 Fighting
 + Level 13.6 Maces & Flails
 - Level 4.3 Throwing
 - Level 1.7 Dodging
 - Level 0.7 Stealth


You had 9 spell levels left.
You didn't know any spells.

Dungeon Overview and Level Annotations

Branches:
Dungeon (8/15)             Temple (1/1) D:4
   Lair: D:8-11

Altars:
Ashenzari
Cheibriados
Dithmenos
Elyvilon
Fedhas
Gozag
Kikubaaqudgha
Makhleb
Nemelex Xobeh
Okawaru
Qazlal
Ru
Sif Muna
Trog
Vehumet
Xom
Yredelemnul
Zin
The Shining One


Innate Abilities, Weirdness & Mutations

You are too large for most types of armour.
You have tough skin (AC +1).
You have sharp fingernails.
You are partially covered in yellow scales (AC +2).
You are dopey. (Int -2)


Message History

The orc warrior is moderately wounded.
The orc priest closely misses you. The orc warrior hits you with a flail.
* * * LOW HITPOINT WARNING * * *
You closely miss the orc priest.
The orc priest looks braver.
The orc warrior hits you with a flail!
* * * LOW HITPOINT WARNING * * *
Drink which item? (? for menu, Esc to quit)
It was a potion of poison.
That liquid tasted very nasty...
You are poisoned.
* * * LOW HITPOINT WARNING * * *
You feel sick. The orc priest barely misses you. The orc warrior misses you.
Drink which item? (? for menu, Esc to quit)
It was a potion of berserk rage.
A red film seems to cover your vision as you go berserk!
You feel yourself moving faster!
You feel mighty!
You feel sick.
The orc priest hits you with a falchion.
* * * LOW HITPOINT WARNING * * *
You closely miss the orc priest. The orc warrior hits you with a flail!
You die...

..# ..# #..# ...#
##!..# ## ###....# #.
####..oo..#
#'##.....@...#
##............###
#...............#
##..........####..#
###........####))# .%
####........###.....#
#..........##.......#
...........#.....#..#
...[......##...###..#


You could see an orc warrior and an orc priest.

Vanquished Creatures
  The ghost of trantor the Magician, an experienced DEWz of Vehumet (D:6)
  A troll (D:8)
  2 yaks (D:7)
  A human (D:7)
  A hog (D:7)
  Edmund (D:5)
  3 orc warriors
  2 water moccasins
  A necrophage (D:7)
  A sky beast (D:7)
  2 phantoms
  2 ice beasts
  A centaur (D:8)
  5 ogres
  5 giant frogs
  2 big kobolds
  A scorpion (D:5)
  2 crimson imps
  3 goliath beetles
  3 hounds
  2 giant frog skeletons
  An iguana (D:8)
  5 orc priests
  4 orc wizards
  A killer bee zombie (D:7)
  9 worker ants
  Ijyb (D:5)
  A sheep (D:7)
  3 hound skeletons
  2 gnolls (D:2)
  A river rat (D:5)
  10 adders
  3 worms
  A shadow imp (D:3)
  A white imp (D:5)
  3 giant mites
  An adder zombie (D:5)
  9 giant geckos
  An ooze (D:2)
  15 orcs
  3 ball pythons
  9 bats
  A bat skeleton (D:4)
  5 giant cockroaches
  10 goblins
  14 hobgoblins
  19 jackals
  2 quokkas
  A giant cockroach zombie (D:6)
  4 giant newts
  A giant spore (D:6)
  14 kobolds
  A quokka skeleton (D:4)
  12 rats
  2 ballistomycetes (D:6)
212 creatures vanquished.

Notes
Turn   | Place    | Note
--------------------------------------------------------------
     0 | D:1      | Pihi, the Ogre Hunter, began the quest for the Orb.
     0 | D:1      | Reached XP level 1. HP: 22/22 MP: 1/1
   172 | D:1      | Reached XP level 2. HP: 25/32 MP: 2/2
   504 | D:1      | Reached XP level 3. HP: 35/40 MP: 3/3
   886 | D:2      | Reached skill level 1 in Maces & Flails
  1125 | D:2      | Reached XP level 4. HP: 41/49 MP: 4/4
  1756 | D:3      | Reached XP level 5. HP: 55/55 MP: 5/5
  1893 | D:3      | Reached skill level 5 in Maces & Flails
  2015 | D:3      | Found a deep blue altar of Sif Muna.
  2167 | D:4      | Noticed an ogre
  2359 | D:4      | Noticed an ogre
  2572 | D:3      | Reached skill level 6 in Maces & Flails
  2572 | D:3      | Reached XP level 6. HP: 43/63 MP: 6/6
  2778 | D:4      | Found a glowing golden altar of the Shining One.
  2831 | D:4      | Found a staircase to the Ecumenical Temple.
  2832 | D:4      | Noticed an ogre
  2836 | D:4      | Killed an ogre
  2836 | D:4      | Reached skill level 5 in Fighting
  2861 | Temple   | Entered the Ecumenical Temple
  2887 | Temple   | Became a worshipper of Warmaster Okawaru
  2927 | Temple   | Reached skill level 7 in Maces & Flails
  3392 | D:4      | Killed an ogre
  3392 | D:4      | Reached XP level 7. HP: 29/75 MP: 7/7
  3512 | D:4      | Killed an ogre
  3512 | D:4      | Acquired Okawaru's first power
  3529 | D:5      | Entered Level 5 of the Dungeon
  3545 | D:5      | Noticed Ijyb
  3546 | D:5      | Killed Ijyb
  3546 | D:5      | Reached skill level 8 in Maces & Flails
  3853 | D:5      | Noticed Edmund
  3856 | D:5      | Killed Edmund
  3971 | D:5      | Reached skill level 9 in Maces & Flails
  3971 | D:5      | Reached XP level 8. HP: 40/88 MP: 8/8
  4751 | D:6      | Reached skill level 10 in Maces & Flails
  4939 | D:6      | Noticed trantor's ghost (experienced DEWz)
  4957 | D:6      | Found a glowing golden altar of the Shining One.
  5153 | D:6      | Reached XP level 9. HP: 70/101 MP: 9/9
  5264 | D:6      | Reached skill level 10 in Fighting
  5264 | D:6      | Reached skill level 11 in Maces & Flails
  5300 | D:6      | Killed trantor's ghost
  5352 | D:6      | Found a snail-covered altar of Cheibriados.
  5486 | D:6      | Found a shattered altar of Ashenzari.
  5487 | D:6      | Found an opulent altar of Gozag.
  5489 | D:6      | Found a stormy altar of Qazlal.
  5492 | D:6      | Found a shadowy altar of Dithmenos.
  5875 | D:7      | Received a gift from Okawaru
  5875 | D:7      | Reached skill level 12 in Maces & Flails
  5886 | D:7      | Gained mutation: You have sharp fingernails. [potion of mutation]
  5886 | D:7      | Gained mutation: You are partially covered in yellow scales (AC +2). [potion of mutation]
  5886 | D:7      | Gained mutation: You are dopey. (Int -2) [potion of mutation]
  5886 | D:7      | HP: 2/105 [yak (6)]
  6133 | D:7      | Found a basalt altar of Yredelemnul.
  6373 | D:7      | Found a bloodstained altar of Trog.
  6570 | D:8      | Reached XP level 10. HP: 104/115 MP: 10/10
  6752 | D:8      | Reached skill level 13 in Maces & Flails
  7035 | D:8      | Slain by an orc warrior

Action                   |  1- 3 |  4- 6 |  7- 9 | 10-12 || total
-------------------------+-------+-------+-------+-------++-------
Melee: Short sword       |    40 |       |       |       ||    40
       Club              |    79 |    40 |       |       ||   119
       Flail             |       |   143 |       |       ||   143
       Giant spiked club |       |       |   233 |    88 ||   321
Throw: Large rock        |    26 |    32 |    44 |       ||   102
       Throwing net      |     3 |     1 |       |       ||     4
       Stone             |       |     1 |     1 |       ||     2
Invok: Heroism           |       |       |     1 |     1 ||     2
  Use: Scroll            |       |     8 |     5 |     1 ||    14
       Potion            |       |       |     8 |     2 ||    10
 Stab: Held in net/web   |     1 |       |       |       ||     1
       Sleeping          |       |     1 |     1 |       ||     2
       Distracted        |       |       |     1 |       ||     1
  Eat: Chunk             |     1 |     7 |     9 |     3 ||    20
       Fruit             |       |       |     1 |       ||     1
